 Dungeon Crawl Stone Soup version 0.21-a0-531-gacddea6 (webtiles) character file.

98 mopl the Fighter (level 4, 22/45 HPs)
             Began as a Gnoll Wanderer on Dec 13, 2017.
             Quit the game on level 2 of the Dungeon.
             The game lasted 00:04:02 (1610 turns).

mopl the Fighter (Gnoll Wanderer)                   Turns: 1610, Time: 00:04:03

Health: 22/45      AC:  4    Str: 16    XL:     4   Next: 71%
Magic:  6/6        EV: 13    Int: 15    God:
Gold:   60         SH:  0    Dex: 13    Spells: 5/5 levels left

rFire    . . .     SeeInvis .   i - -2 hunting sling (curse)
rCold    . . .     Gourm    .   (no shield)
rNeg     . . .     Faith    .   d - +0 robe
rPois    .         Spirit   .   (no helmet)
rElec    .         Reflect  .   (no cloak)
rCorr    .         Harm     .   q - +1 pair of gloves
MR       +....                  (no boots)
Stlth    ++........             (no amulet)
HPRegen  0.15/turn              l - ring of protection from magic
MPRegen  0.10/turn              (no ring)

@: mildly poisoned (22 -> 19)
A: distributed training, fangs 1, strong nose
a: no special abilities


You were on level 2 of the Dungeon.
You were not hungry.

You visited 1 branch of the dungeon, and saw 2 of its levels.

You collected 60 gold pieces.

Inventory:

Hand Weapons
 b - a +0 hand axe
 i - a cursed -2 hunting sling (weapon)
 p - a +2 dagger of flaming
Armour
 d - a +0 robe (worn)
 q - a +1 pair of gloves (worn)
Jewellery
 e - a cursed ring of teleportation {unknown}
 l - a ring of protection from magic (left hand)
Wands
 a - a wand of enslavement (15)
Scrolls
 k - 2 scrolls of fog
Potions
 c - a potion of curing
 h - a potion of ambrosia
 m - a potion of haste {unknown}
 o - a potion of flight {unknown}
Comestibles
 f - 2 bread rations
 n - a chunk of flesh


   Skills:
 + Level 8.6 Fighting
 + Level 1.2 Short Blades
 + Level 1.2 Long Blades
 + Level 4.6 Axes
 + Level 1.2 Maces & Flails
 + Level 1.2 Polearms
 + Level 1.2 Staves
 + Level 1.2 Slings
 + Level 1.2 Bows
 + Level 1.2 Crossbows
 + Level 1.2 Throwing
 + Level 2.8 Armour
 + Level 2.8 Dodging
 + Level 1.2 Stealth
 + Level 2.8 Shields
 + Level 1.2 Unarmed Combat
 + Level 1.2 Spellcasting
 + Level 1.0 Conjurations
 + Level 1.0 Hexes
 + Level 1.0 Charms
 + Level 1.0 Summonings
 + Level 1.0 Necromancy
 + Level 1.0 Translocations
 + Level 1.0 Transmutations
 + Level 1.0 Fire Magic
 + Level 1.0 Ice Magic
 + Level 1.0 Air Magic
 + Level 1.0 Earth Magic
 + Level 1.0 Poison Magic
 + Level 1.3 Invocations
 + Level 2.8 Evocations


You had 5 spell levels left.
You didn't know any spells.

Dungeon Overview and Level Annotations

Branches:
Dungeon (2/15)

Altars:


Innate Abilities, Weirdness & Mutations

Your experience applies equally to all skills.
You have very sharp teeth.
Your uncanny sense of smell can sniff out nearby items.


Message History

Throwing (i - inventory):
g - 2 tomahawks (quivered)
Press: ? - help, Shift-Dir - straight line, f/p - adder
Aim: an adder (heavily wounded)
You throw a tomahawk.
The tomahawk hits the adder but does no damage.
The adder is heavily wounded.
You feel sick. The adder bites you. The kobold hits you but does no damage.
You are too injured to fight recklessly!
You are too injured to fight recklessly!
You are too injured to fight recklessly!
You are too injured to fight recklessly!
You are too injured to fight recklessly!
Throwing (i - inventory):
g - a tomahawk (quivered)
Press: ? - help, Shift-Dir - straight line, f/p - adder
Aim: an adder (heavily wounded)
You throw a tomahawk. The tomahawk closely misses the adder.
The adder bites you but does no damage. The kobold misses you.
The adder misses you.
Unknown command.
Are you sure you want to abandon this character and quit the game? (Confirm with "yes".)

......##.....♣♣♣...♣♣♣...........
......##.........................
......##........##...............
......##........###..............
......########### #.......r......
......# ###............ ......#
######............ ......#
#.S............... ......#
#@#####........... ...)..######
#K#............... ............
#s##.#.$.......... ###.........
###(##.#..........÷# ............
#..$.....S.........# ............
#........#'#######.. ............
#........#.# ##. ............
#........#.# #. ....########
#........#.. ..


You could see an adder, a giant cockroach and a kobold.

Vanquished Creatures
  Natasha (D:2)
  3 adders
  2 oozes (D:1)
  2 leopard geckos
  2 giant cockroaches
  6 goblins
  4 hobgoblins
  2 quokkas (D:2)
  3 bats
  2 frilled lizards (D:1)
  6 kobolds
  3 rats
36 creatures vanquished.

Notes
Turn   | Place    | Note
-------+----------+-------------------------------------------
     0 | D:1      | mopl the Gnoll Wanderer began the quest for the Orb.
     0 | D:1      | mopl set off with: a wand of enslavement (15), a +0 hand axe, a potion of curing, a +0 robe, a bread ration
     0 | D:1      | Reached XP level 1. HP: 26/26 MP: 2/2
   178 | D:1      | Reached XP level 2. HP: 33/33 MP: 3/3
   574 | D:2      | Reached XP level 3. HP: 38/38 MP: 4/4
   668 | D:1      | Reached skill level 1 in Invocations
  1132 | D:2      | Noticed Natasha
  1150 | D:2      | Killed Natasha
  1150 | D:2      | Reached skill level 1 in Short Blades
  1150 | D:2      | Reached skill level 1 in Long Blades
  1150 | D:2      | Reached skill level 1 in Maces & Flails
  1150 | D:2      | Reached skill level 1 in Polearms
  1150 | D:2      | Reached skill level 1 in Staves
  1150 | D:2      | Reached skill level 1 in Slings
  1150 | D:2      | Reached skill level 1 in Bows
  1150 | D:2      | Reached skill level 1 in Crossbows
  1150 | D:2      | Reached skill level 1 in Throwing
  1150 | D:2      | Reached skill level 1 in Stealth
  1150 | D:2      | Reached skill level 1 in Unarmed Combat
  1150 | D:2      | Reached skill level 1 in Spellcasting
  1150 | D:2      | Reached XP level 4. HP: 11/45 MP: 4/6
  1553 | D:2      | Reached skill level 1 in Conjurations
  1553 | D:2      | Reached skill level 1 in Hexes
  1553 | D:2      | Reached skill level 1 in Charms
  1553 | D:2      | Reached skill level 1 in Summonings
  1553 | D:2      | Reached skill level 1 in Necromancy
  1553 | D:2      | Reached skill level 1 in Translocations
  1553 | D:2      | Reached skill level 1 in Transmutations
  1553 | D:2      | Reached skill level 1 in Fire Magic
  1553 | D:2      | Reached skill level 1 in Ice Magic
  1553 | D:2      | Reached skill level 1 in Air Magic
  1553 | D:2      | Reached skill level 1 in Earth Magic
  1553 | D:2      | Reached skill level 1 in Poison Magic
  1610 | D:2      | Quit the game

Vault maps used:
D:1:      saegor_arrival_under_anarchy, minmay_misc_feat_alley
D:2:      minmay_stone_trees_medium, minmay_divided_ellipse, uniq_natasha

Skill      XL: |  1  2  3  4 |
---------------+-------------+-----
Invocations    | 1 |  1.3
Short Blades   | 1 |  1.2
Long Blades    | 1 |  1.2
Maces & Flails | 1 |  1.2
Polearms       | 1 |  1.2
Staves         | 1 |  1.2
Slings         | 1 |  1.2
Bows           | 1 |  1.2
Crossbows      | 1 |  1.2
Throwing       | 1 |  1.2
Stealth        | 1 |  1.2
Unarmed Combat | 1 |  1.2
Spellcasting   | 1 |  1.2
Conjurations   | 1 |  1.0
Hexes          | 1 |  1.0
Charms         | 1 |  1.0
Summonings     | 1 |  1.0
Necromancy     | 1 |  1.0
Translocations | 1 |  1.0
Transmutations | 1 |  1.0
Fire Magic     | 1 |  1.0
Ice Magic      | 1 |  1.0
Air Magic      | 1 |  1.0
Earth Magic    | 1 |  1.0
Poison Magic   | 1 |  1.0
Fighting       | |  8.6
Axes           | |  4.6
Armour         | |  2.8
Dodging        | |  2.8
Shields        | |  2.8
Evocations     | |  2.8

Action                   |  1- 3 |  4- 6 || total
-------------------------+-------+-------++-------
Melee: Hand axe          |    12 |       ||    12
 Fire: Hunting sling     |    91 |    36 ||   127
Throw: Tomahawk          |    16 |     8 ||    24
  Use: Scroll            |     5 |       ||     5
  Eat: Chunk             |     1 |     1 ||     2
Armor: Robe              |    34 |    19 ||    53
Dodge: Dodged            |    79 |    49 ||   128

Table legend:
 A = Spawn XP
 B = Non-spawn XP
 C = Spawn XP percentage of total XP
 D = Spawn monster count
 E = Non-spawn monster count
 F = Spawn count percentage of total count
 G = Total turns spent on level
                    A         B        C        D         E        F      G
               +---------+---------+-------+---------+---------+-------+---------
         Total |       0 |     141 |   0.0 |       0 |      36 |   0.0 |  1610
               +---------+---------+-------+---------+---------+-------+---------
           D:1 |       0 |      49 |   0.0 |       0 |      17 |   0.0 |   940
           D:2 |       0 |      92 |   0.0 |       0 |      19 |   0.0 |   670
               +---------+---------+-------+---------+---------+-------+---------
